cohdb
Replays
Latest Replays
All Replays
Popular Replays
Top Player Replays
Match Explorer
How It Works
Community
CoH3 Stats
Reddit
Sign in to upload your games and track your stats! →
Sign in with Steam
Match 42485393
Unlisted
Match 42485393
Overview
Messages
Build Orders
End
Kettenkrad Recon Vehicle
Construct Infanterie Kompanie
MG 42 Machine Gun Team
Selects Mechanized Battlegroup
Grenadier Squad
Grenadier Squad
Construct Panzergrenadier Kompanie
Grenadier Squad
251 Medium Carrier
Pak 40 Anti-tank Gun Team
Construct Luftwaffe Kompanie
Support Elements
Selects Raid Package
Nebelwerfer 42 Rocket Launcher Team
StuG III G Assault Gun
Selects StuG Assault Group
StuG III G Assault Gun
Panzergrenadier Squad
Nebelwerfer 42 Rocket Launcher Team
Side Skirts
Selects Panther Heavy Tank
Panther Heavy Tank
Panther Heavy Tank
CharonHerto
梁山伯有限公司董事长 王伦
FACEFOX
KingImRing
GenericUsername
theStevenCox
ww26282006
Moltke1871
0
0
Comments
sign in to comment!
No comments posted yet!